 Dungeon Crawl Stone Soup version 0.30-a0-137-gd8773701ce (webtiles) character file.

Game seed: 13734214902837984451

781 Armakuni the Charlatan (level 8, -1/56 HPs)
             Began as a Human Artificer on Sept 23, 2022.
             Slain by a black bear (6 damage)
             ... on level 5 of the Dungeon.
             The game lasted 00:10:11 (7802 turns).

Armakuni the Charlatan (Human Artificer)            Turns: 7802, Time: 00:10:11

Health: -1/56      AC:  4    Str: 13    XL:     8   Next: 11%
Magic:  8/8        EV: 11    Int: 13    God:
Gold:   262        SH:  0    Dex: 14    Spells: 7/7 levels left

rFire   + . .      SeeInvis .    a - staff of fire
rCold   . . .      Faith    .    (no shield)
rNeg    . . .      Spirit   .    b - +0 leather armour
rPois   .          Reflect  .    (no helmet)
rElec   .          Harm     .    n - scarf {shadows}
rCorr   .          Rampage  .    p - +0 pair of gloves
Will    .....                    (no boots)
Stlth   +.........               (no amulet)
HPRegen 0.18/turn                (no ring)
MPRegen 0.11/turn                (no ring)

@: no status effects
A: no striking features
a: no special abilities


You were on level 5 of the Dungeon.
You visited 1 branch of the dungeon, and saw 5 of its levels.

You collected 312 gold pieces.
You spent 50 gold pieces at shops.

Inventory:

Missiles
 w - 3 poisoned darts
Armour
 b - a +0 leather armour (worn)
 k - a +0 ring mail
 n - a scarf of shadows (worn)
 p - a +0 pair of gloves (worn)
Magical Staves
 a - a staff of fire (weapon)
Jewellery
 v - a ring of fire
 F - a ring of fire
Wands
 c - a wand of charming (9)
Scrolls
 j - a scroll of identify
 l - a scroll of blinking
 o - 3 scrolls of immolation
 t - 2 scrolls of enchant weapon
 u - a scroll of teleportation
 x - 2 scrolls of magic mapping {unknown}
Potions
 d - a potion of mutation {unknown}
 e - a potion of invisibility
 f - 3 potions of curing
 g - a potion of berserk rage {unknown}
 i - 3 potions of might
 m - a potion of attraction {unknown}
 q - a potion of heal wounds {unknown}
 r - 4 potions of flight {unknown}
 s - a potion of magic {unknown}


   Skills:
 - Level 2.1 Fighting
 - Level 2.1 Armour
 - Level 1.1 Dodging
 - Level 1.2 Stealth
 + Level 5.3 Fire Magic
 + Level 6.6 Evocations


You had 7 spell levels left.
You didn't know any spells.
Your spell library contained the following spells:

 Spells                   Type           Power      Damage    Failure   Level
 Apportation              Tloc           0%         N/A       36%         1
 Alistair's Intoxication  Tmut/Pois      0%         N/A       100%        5


Dungeon Overview and Level Annotations

Branches:
Dungeon (5/15)
 Temple: D:4-7

Altars:
Dithmenos
Trog
Xom

Shops:
D:3 [!


Message History

The black bear closely misses you. The black bear claws you.
The black bear closely misses you.
You hit the black bear but do no damage.
The black bear bites you! The black bear claws you.
The black bear claws you but does no damage.
You hit the black bear.
The black bear is lightly wounded.
The black bear bites you! The black bear barely misses you.
The black bear claws you. The black bear bites you. The black bear claws you.
The black bear claws you but does no damage.
Aiming: Corrosive Bolt
Press: ? - help, Shift-Dir - straight line, f - black bear
Aim: a black bear (lightly wounded, 81% to hit)
The bolt of acid misses the black bear.
The black bear barely misses you. x2
The black bear claws you.
Aiming: Corrosive Bolt
Press: ? - help, Shift-Dir - straight line, f/p - black bear
Aim: a black bear (lightly wounded, 81% to hit)
The bolt of acid hits the black bear!!
The acid corrodes the black bear!
The black bear is severely wounded.
The now-empty wand crumbles to dust.
The black bear bites you.
* * * LOW HITPOINT WARNING * * *
The black bear claws you.
* * * LOW HITPOINT WARNING * * *
The black bear claws you but does no damage.
You closely miss the black bear.
The black bear is severely wounded.
The black bear goes berserk!
You hit the black bear. You burn the black bear.
The black bear is almost dead.
The black bear barely misses you. The black bear closely misses you.
The black bear barely misses you.
The black bear bites you but does no damage.
The black bear claws you but does no damage. x2
You hit the black bear.
The black bear is almost dead.
The black bear bites you!
* * * LOW HITPOINT WARNING * * *
The black bear claws you.
You die...

..# #.# ... ####.#
## #.#.#
..#.......# #.#.#
..#.##.#..# #.#h#
..#.##.#..####.#@#
..#.##.........#.#
..#..#....###..#.#
..##.#.##........#
...........>##.#.#
.#####.##.#.##.#.#
.......<#.#.##.#.#
..####.##...##.#.#
....######.#######


You could see a black bear (berserk, corroded).

Vanquished Creatures
  A water moccasin (D:5)
  Duvessa (D:4)
  An ice beast (D:5)
  2 scorpions
  Dowan (D:4)
  2 hounds (D:4)
  An iguana (D:5)
  5 adders
  2 gnolls (D:4)
  A white imp (D:4)
  A worm (D:2)
  5 dart slugs
  14 orcs
  7 endoplasms
  3 giant cockroaches
  6 goblins
  6 hobgoblins
  9 jackals (D:1)
  7 kobolds
  3 quokkas
  11 ball pythons
  5 bats
  5 frilled lizards
  5 rats
104 creatures vanquished.

Vanquished Creatures (collateral kills)
  A gnoll (D:4)
  2 hobgoblins (D:4)
  A kobold (D:4)
4 creatures vanquished.

Vanquished Creatures (others)
  2 scorpions
  A gnoll (D:4)
  2 adders (D:4)
5 creatures vanquished.

Grand Total: 113 creatures vanquished

Notes
Turn   | Place    | Note
-------+----------+-------------------------------------------
     0 | D:1      | Armakuni the Human Artificer began the quest for the Orb.
     0 | D:1      | Reached XP level 1. HP: 15/15 MP: 1/1
   305 | D:1      | Reached XP level 2. HP: 20/21 MP: 2/2
  1032 | D:1      | Reached XP level 3. HP: 17/27 MP: 3/3
  2803 | D:2      | Reached XP level 4. HP: 30/33 MP: 4/4
  2917 | D:2      | Reached skill level 1 in Fire Magic
  2944 | D:2      | Found a faded altar of an unknown god.
  3537 | D:2      | Reached skill level 4 in Evocations
  3867 | D:2      | Reached XP level 5. HP: 31/38 MP: 5/5
  4226 | D:3      | Found Ydghi's Distillery.
  4234 | D:3      | Bought a potion of degeneration for 10 gold pieces
  4234 | D:3      | Bought a potion of might for 40 gold pieces
  4610 | D:3      | Found Poghuhog's Antique Armour Boutique.
  5148 | D:3      | Found a bloodstained altar of Trog.
  5434 | D:4      | Reached XP level 6. HP: 23/44 MP: 6/6
  5944 | D:4      | Reached skill level 5 in Evocations
  6222 | D:4      | Found a shadowy altar of Dithmenos.
  6239 | D:4      | Noticed Duvessa
  6239 | D:4      | Noticed Dowan
  6243 | D:4      | Killed Dowan
  6257 | D:4      | Killed Duvessa
  6258 | D:4      | Reached XP level 7. HP: 37/50 MP: 7/7
  6993 | D:5      | Entered Level 5 of the Dungeon
  7023 | D:5      | Reached skill level 6 in Evocations
  7209 | D:5      | Found a shimmering altar of Xom.
  7295 | D:5      | Noticed a water moccasin
  7297 | D:5      | Killed a water moccasin
  7298 | D:5      | Reached skill level 5 in Fire Magic
  7460 | D:5      | Reached XP level 8. HP: 56/56 MP: 8/8
  7477 | D:5      | HP: 2/56 [iguana (6)]
  7802 | D:5      | Slain by a black bear

Illustrated notes

Levels and vault maps discovered:
D:1:      mrwooster_arrival_statue_3, layout_basic
D:2:      minmay_inner_zag, layout_basic, ebering_ecumenical_altar_sacrificial
D:3:      layout_basic, marbit_many_paths, serial_shops, shop, shop
D:4:      layout_basic, nicolae_dithmenos_shadow_blocks,
          minmay_tree_intersection, cheibrodos_gnoll_hut, uniq_duvessa
D:5:      layout_basic, mainiacjoe_overflow_boulevard,
          makhleb_blood_cavern_becter, grunt_temple_overflow_diamond,
          temple_doors_e

Skill      XL: |  1  2  3  4  5  6  7 |
---------------+----------------------+-----
Fighting       | 2 |  2.1
Fire Magic     | 1 3 4 5 |  5.3
Evocations     | 4 5 6 |  6.6
Armour         | |  2.1
Dodging        | |  1.1
Stealth        | |  1.2

Action                   |  1- 3 |  4- 6 |  7- 9 || total
-------------------------+-------+-------+-------++-------
Melee: Club              |   161 |       |       ||   161
       Staff             |    47 |   235 |    68 ||   350
       Punch             |     1 |     7 |     1 ||     9
Evoke: Wand              |    11 |    14 |     6 ||    31
  Use: Scroll            |     2 |     5 |       ||     7
       Potion            |       |     1 |       ||     1
 Stab: Sleeping          |     1 |     2 |     1 ||     4
Armor: Leather armour    |    93 |    69 |    21 ||   183
       Skin              |       |    27 |     4 ||    31
Dodge: Dodged            |   152 |   140 |    45 ||   337

Table legend: (Time is in decaauts)
 A = Elapsed time spent in this place.
 B = Non-inter-level travel time spent in this place.
 C = Inter-level travel time spent in this place.
 D = Time resting spent in this place.
 E = Time spent auto-exploring this place.
 F = Levels seen in this place.
 G = Mean time per level.
                   A        B        C        D        E       F      G
               +--------+--------+--------+--------+--------+-----+--------+
         Total |   7917 |   7832 |     85 |   2662 |   3838 |   5 | 1583.4 |
       Dungeon |   7917 |   7832 |     85 |   2662 |   3838 |   5 | 1583.4 |
               +--------+--------+--------+--------+--------+-----+--------+

Top non-repeatable levels by time:
     D:1: 2390 daAuts
     D:2: 1818 daAuts
     D:4: 1739 daAuts
     D:3: 1155 daAuts
     D:5: 814 daAuts
